 Dungeon Crawl Stone Soup version 0.32-a0-913-g739538afd8 (webtiles) character file.

Game seed: 738246720860469367

534 bronco the Shield-Bearer (level 7, -2/50 HPs)
             Began as a Mountain Dwarf Fire Elementalist on Apr 9, 2024.
             Slain by Pikel
             ... wielding a +2 whip of freezing
              (6 damage)
             ... on level 4 of the Dungeon.
             The game lasted 00:11:22 (4599 turns).

bronco the Shield-Bearer (MDFE)                     Turns: 4599, Time: 00:11:22

Health: -2/50      AC:  5    Str: 11    XL:     7   Next: 4%
Magic:  0/14       EV: 10    Int: 17    God:
Gold:   214        SH:  0    Dex: 10    Spells: 12/15 levels left

rFire   . . .        m - +1 spear (freeze)
rCold   . . .        (no shield)
rNeg    . . .        d - +0 leather armour
rPois   .            l - +0 helmet
rElec   .            j - +0 cloak
rCorr   .            (no gloves)
SInv    .            (no boots)
Will    .....        p - amulet of guardian spirit
Stlth   +            (no ring)
HPRegen 0.28/turn    (no ring)
MPRegen 0.14/turn

%: guardian spirit
@: very slightly contaminated
A: runic magic, artefact enchanting
a: no special abilities


You were on level 4 of the Dungeon.
You visited 1 branch of the dungeon, and saw 4 of its levels.

You collected 214 gold pieces.

Inventory:

Hand Weapons
 g - a +0 dagger
 m - a +1 spear of freezing (weapon)
 r - a +0 hand axe
Missiles
 f - 15 stones
 C - 6 poisoned darts
Armour
 a - a +0 robe
 c - a +1 kite shield of poison resistance
 d - a +0 leather armour (worn)
 j - a +0 cloak (worn)
 l - a +0 helmet (worn)
 u - a +0 ring mail
Jewellery
 p - an amulet of guardian spirit (around neck)
Wands
 s - a wand of roots (12)
Scrolls
 e - 2 scrolls of teleportation
 n - 3 scrolls of amnesia
 o - a scroll of torment
Potions
 i - 2 potions of attraction
 q - a potion of might
 t - a potion of haste {unknown}
 v - a potion of cancellation {unknown}
 w - a potion of mutation {unknown}
 z - a potion of brilliance {unknown}
 B - a potion of heal wounds {unknown}


   Skills:
 - Level 1.3 Dodging
 - Level 1.4 Stealth
 - Level 5.4 Shields
 + Level 4.7 Spellcasting
 - Level 0.8 Conjurations
 - Level 3.6 Fire Magic


You had 12 spell levels left.
You knew the following spells:

 Your Spells              Type           Power      Damage    Failure   Level
a - Foxfire               Conj/Fire      44%        2x1d6     6%          1
b - Scorch                Fire           32%        2d6       5%          2

Your spell library contained the following spells:

 Spells                   Type           Power      Damage    Failure   Level
 Inner Flame              Hex/Fire       10%        N/A       22%         3
 Volatile Blastmotes      Fire/Tloc      20%        2d11      22%         3
 Flame Wave               Conj/Fire      11%        2d6       52%         4
 Fulminant Prism          Conj/Alch      2%         3d5       78%         4
 Iskenderun's Mystic Bla Conj/Tloc 5%             2d3        (+2d1     78%         4


Dungeon Overview and Level Annotations

Branches:
Dungeon (4/15)
 Temple: D:4-7

Altars:
Qazlal
Uskayaw
Wu Jian

Annotations:
D:4 Pikel


Innate Abilities, Weirdness & Mutations

Your spellcasting is much less encumbered by armour.
You can use scrolls of enchantment on lesser artefacts.


Message History

Pikel hits you with a +2 whip of freezing.
* * * LOW HITPOINT WARNING * * *
Pikel freezes you.
* * * LOW HITPOINT WARNING * * *
Unknown command.
Unknown command.
Magic courses through your body. Pikel closely misses you.
Okay, then.
Unknown command.
Casting: Scorch (safe; 5% risk of failure)
Confirm with . or Enter, or press ? or * to list all spells.
You miscast Scorch.
You are very lightly contaminated with residual magic.
Nothing appears to happen.
Pikel hits you with a +2 whip of freezing.
* * * LOW HITPOINT WARNING * * *
Pikel freezes you.
Unknown command.
Casting: Scorch (safe; 5% risk of failure)
Confirm with . or Enter, or press ? or * to list all spells.
Flames lash Pikel but do no damage.
Pikel hits you with a +2 whip of freezing.
* * * LOW HITPOINT WARNING * * *
Pikel freezes you.
* * * LOW HITPOINT WARNING * * *
Unknown command.
Casting: Scorch (safe; 5% risk of failure)
Confirm with . or Enter, or press ? or * to list all spells.
Flames lash Pikel.
Pikel is almost dead.
Pikel's fire resistance burns away.
Pikel closely misses you.
Unknown command.
Unknown command.
Okay, then.
Okay, then.
You hit Pikel. You freeze Pikel.
Pikel is almost dead.
Pikel hits you with a +2 whip of freezing!
You die...
Pikel says, "Another soul for the market."

#.# #.)..## #.#
##.)..### #.#
#.#....# #.# #.#)##.#
#.# #.#.##.# #.#
#.#.##.#
#.#########.#.##.#
..#.......#.#.##.###
###....)..#.#.##@K5##
#.......# #.####5.##
#......†#.#†# ##..###
#......<#.#)# ##...#
#.....).#.#.# ###.###
#.....).#.#.# #...###
#.......#.#.# ###...#
####'####.#o# ###..#
#.# #.#.# #K.#


You could see Pikel (combustible) and 2 lemures.

Vanquished Creatures
  Sigmund (D:2)
  2 lemures (D:4)
  A hound (D:4)
  An orc priest (D:4)
  Crazy Yiuf (D:2)
  Jessica (D:3)
  Terence (D:2)
  2 iguanas
  2 orc wizards
  4 adders
  2 ribbon worms
  4 orcs
  10 endoplasms
  5 giant cockroaches
  5 goblins
  9 hobgoblins
  15 jackals
  7 kobolds
  3 quokkas
  2 ball pythons
  3 bats
  2 frilled lizards (D:1)
  4 rats
87 creatures vanquished.

Vanquished Creatures (others)
  129 foxfires
129 creatures vanquished.

Grand Total: 216 creatures vanquished

Notes
Turn   | Place    | Note
-------+----------+-------------------------------------------
     0 | D:1      | bronco the Mountain Dwarf Fire Elementalist began the quest
                  | for the Orb.
     0 | D:1      | Reached XP level 1. HP: 14/14 MP: 3/3
   134 | D:1      | Reached skill level 1 in Shields
   314 | D:1      | Reached XP level 2. HP: 20/20 MP: 2/4
   403 | D:1      | Reached skill level 2 in Shields
  1337 | D:1      | Reached skill level 3 in Shields
  1337 | D:1      | Reached XP level 3. HP: 23/26 MP: 5/5
  1413 | D:2      | Found a stormy altar of Qazlal.
  1503 | D:2      | Noticed Sigmund
  1515 | D:2      | Learned a level 2 spell: Scorch
  1532 | D:2      | Noticed Terence
  1851 | D:3      | Noticed Jessica
  1934 | D:2      | Reached skill level 4 in Shields
  1934 | D:2      | Reached XP level 4. HP: 7/33 MP: 0/6
  2039 | D:3      | Killed Jessica
  2114 | D:2      | Reached skill level 5 in Shields
  2276 | D:2      | Killed Terence
  2277 | D:2      | Reached XP level 5. HP: 26/38 MP: 0/7
  2621 | D:2      | Killed Sigmund
  2622 | D:2      | Reached XP level 6. HP: 43/45 MP: 1/11
  3130 | D:2      | Found a runed translucent door.
  3131 | D:2      | Noticed Crazy Yiuf
  3185 | D:3      | Found an ornate altar of the Wu Jian Council.
  3279 | D:3      | Found a hide-covered altar of Uskayaw.
  3752 | D:2      | Killed Crazy Yiuf
  4184 | D:4      | Reached XP level 7. HP: 50/50 MP: 6/14
  4562 | D:4      | Noticed Pikel
  4599 | D:4      | Slain by Pikel

Illustrated notes

Levels and vault maps discovered:
D:1:      minmay_arrival_cross, layout_basic
D:2:      layout_basic, basic_altar, item_on_display_a, uniq_crazy_yiuf_cottage,
          uniq_sigmund, uniq_terence
D:3:      layout_basic, eat_drink_and_be_merry_uskayaw, marbit_many_paths,
          uniq_jessica
D:4:      layout_basic, vehumet_altar_wand_db, uniq_pikel, uniq_grinder

Skill      XL: |  1  2  3  4  5  6 |
---------------+-------------------+-----
Shields        | 1 3 4 5 |  5.4
Spellcasting   | 3 4 |  4.7
Dodging        | |  1.3
Stealth        | |  1.4
Conjurations   | |  0.8
Fire Magic     | |  3.6

Action                     |  1- 3 |  4- 6 |  7- 9 || total
---------------------------+-------+-------+-------++-------
  Melee: Unarmed           |    25 |       |       ||    25
         Dagger            |    33 |       |       ||    33
         Spear             |    24 |    70 |    41 ||   135
   Cast: Foxfire           |    56 |    27 |     3 ||    86
         Scorch            |     3 |    31 |    15 ||    49
    Use: Scroll            |       |     9 |       ||     9
         Potion            |       |       |     1 ||     1
   Stab: Sleeping          |     1 |       |     1 ||     2
 Armour: Leather armour    |    52 |    45 |    32 ||   129
  Dodge: Dodged            |    54 |    42 |    26 ||   122
  Block: Kite shield       |     1 |       |       ||     1

Table legend: (Time is in decaauts)
 A = Elapsed time spent in this place.
 B = Non-inter-level travel time spent in this place.
 C = Inter-level travel time spent in this place.
 D = Time resting spent in this place.
 E = Time spent auto-exploring this place.
 F = Levels seen in this place.
 G = Mean time per level.
                   A        B        C        D        E       F      G
               +--------+--------+--------+--------+--------+-----+--------+
         Total |   4618 |   4475 |    143 |    471 |   3128 |   4 | 1154.5 |
       Dungeon |   4618 |   4475 |    143 |    471 |   3128 |   4 | 1154.5 |
               +--------+--------+--------+--------+--------+-----+--------+

Top non-repeatable levels by time:
     D:2: 1464 daAuts
     D:1: 1412 daAuts
     D:3: 1101 daAuts
     D:4: 640 daAuts
